Map: Blackrock LE

Players

Reynor - Winner!

  • Race: Zerg Zerg
  • League: Master
  • Spawn Location: 7:00

HeroMarine

  • Race: Terran Terran
  • Spawn Location: 1:00

Event: HomeStory Cup XXIX

VOD

Have the link to the VOD?

Description

Time

  • Played on: July 3, 2026, 10:15 a.m.
  • Length: 6:32

All games in this series

Show
View Real Time Build Order
Export as new Build Order

Reynor Zerg - Winner!

Build Orders: Hatch First 

Get SALT Encoding   

  8  0:00  Drone  
  9  0:10  Drone  
  10  0:17  Drone  
  11  0:27  Overlord  
  11  0:32  Drone  
  12  0:45  Drone x2  
  14  0:50  Drone  
  15  1:00  Drone  
  16  1:15  Hatchery  
  16  1:18  Drone  
  16  1:21  Drone  
  17  1:30  Drone  
  18  1:35  Extractor  
  17  1:42  Spawning Pool  
  17  1:43  Drone  
  17  1:50  Drone  
  18  2:00  Drone  
  19  2:09  Overlord  
  19  2:29  Queen x2  
  24  2:30  Zergling x6  
  26  2:37  Drone  
  26  2:39  Drone  
  26  2:43  Metabolic Boost  
  28  2:46  Overlord  
  28  2:54  Spore Crawler  
  28  2:55  Drone  
  28  2:57  Drone  
  30  3:01  Drone  
  31  3:08  Drone  
  31  3:09  Queen  
  31  3:11  Drone  
  35  3:20  Overlord  
  35  3:24  Queen  
  37  3:27  Drone  
  37  3:29  Drone  
  37  3:30  Drone  
  40  3:40  Drone x3  
  40  3:41  Drone x2  
  44  3:43  Drone  
  44  3:46  Overlord  
  46  3:52  Overlord  
  46  3:54  Drone  
  46  3:55  Drone  
  48  4:06  Hatchery  
  47  4:11  Queen  
  47  4:15  Zergling x4  
  51  4:18  Zergling x4  
  51  4:22  Zergling x6  
  56  4:27  Queen  
  58  4:34  Zergling x6  
  58  4:37  Overlord  
  61  4:39  Drone  
  61  4:41  Drone x2  
  63  4:46  Drone  
  63  4:51  Queen  
  64  4:56  Overlord  
  63  5:01  Drone x5  
  63  5:06  Zergling x2  
  69  5:07  Queen  
  69  5:11  Evolution Chamber  
  69  5:13  Evolution Chamber  
  69  5:15  Overlord  
  69  5:17  Zergling x2  
  70  5:22  Zergling x4  
  70  5:23  Zergling x6  
  70  5:26  Drone  
  76  5:31  Drone  
  76  5:34  Overlord  
  75  5:35  Drone  
  75  5:39  Drone x3  
  75  5:42  Drone  
  79  5:44  Spore Crawler  
  79  5:45  Drone  
  79  5:46  Drone  
  79  5:55  Drone x2  
  79  5:56  Drone  
  82  6:03  Drone x3  
  83  6:04  Drone  
  83  6:07  Hatchery  
  83  6:09  Overlord  
Show
View Real Time Build Order
Export as new Build Order

HeroMarine Terran 

Build Orders: Reaper Expand 

Get SALT Encoding   

  8  0:00  SCV  
  9  0:12  SCV  
  10  0:24  SCV  
  11  0:29  Supply Depot  
  11  0:36  SCV  
  12  0:48  SCV  
  13  0:52  Barracks  
  13  0:59  Refinery  
  13  1:04  SCV  
  14  1:16  SCV  
  15  1:28  SCV  
  16  1:40  Orbital Command  
  16  1:41  Reaper  
  17  2:06  Command Center  
  17  2:09  SCV  
  17  2:15  Reaper  
  19  2:20  Supply Depot  
  19  2:22  SCV  
  20  2:34  SCV  
  21  2:45  Factory  
  21  2:46  SCV  
  22  2:56  Barracks Reactor  
  23  2:58  SCV  
  23  3:09  Command Center  
  23  3:10  SCV  
  24  3:21  Orbital Command  
  24  3:23  SCV  
  25  3:35  SCV  
  25  3:36  Hellion x2  
  30  3:43  Starport  
  30  3:47  SCV x2  
  32  3:51  Refinery  
  32  3:58  Hellion  
  32  4:01  Hellion  
  32  4:02  SCV  
  37  4:05  SCV  
  38  4:14  SCV  
  39  4:17  SCV  
  39  4:19  Hellion  
  39  4:22  Viking  
  39  4:23  Hellion  
  46  4:27  Orbital Command  
  46  4:29  SCV  
  47  4:32  SCV  
  46  4:41  SCV  
  46  4:43  Hellion  
  46  4:44  SCV  
  47  4:52  Liberator  
  47  4:53  SCV  
  47  4:56  SCV x2  
  50  5:05  SCV  
  53  5:07  Barracks Tech Lab  
  53  5:08  SCV x2  
  55  5:14  Supply Depot  
  55  5:21  SCV  
  54  5:22  Factory Reactor  
  54  5:23  Barracks  
  54  5:25  Barracks  
  54  5:27  SCV x2  
  53  5:33  SCV  
  52  5:39  SCV  
  52  5:41  SCV  
  51  5:45  SCV  
  51  5:48  Marine  
  53  5:51  SCV, Starport Reactor  
  53  5:53  SCV  
  55  5:57  SCV  
  55  6:03  SCV  
  52  6:06  Marine  
  52  6:07  SCV  
  52  6:09  SCV  
  52  6:10  Hellion  
  49  6:15  SCV  
Tags
 
Add a new tag
Caveats
  • Supply blocks, unpowered buildings, or Contaminate may cause inaccurate times.
  • Supply counts are checked every 10 seconds.